Map: Tourmaline LE

Players

HoldTheDoor - Winner!

  • Race: Protoss Protoss
  • League: Diamond
  • Spawn Location: 1:00

TryHardLoser

  • Race: Protoss Protoss
  • League: Diamond
  • Spawn Location: 7:00

VOD

Have the link to the VOD?

Description

Time

  • Played on: May 12, 2026, 11:08 a.m.
  • Length: 4:36
Show
View Real Time Build Order
Export as new Build Order

HoldTheDoor Protoss - Winner!

Build Orders:  

Get SALT Encoding   

  12  0:00  Probe  
  13  0:17  Probe  
  13  0:19  Pylon  
  14  0:29  Probe  
  15  0:37  Probe  
  15  0:39  Gateway  
  16  0:45  Probe  
  16  0:47  Assimilator  
  17  1:01  Assimilator  
  17  1:11  Probe  
  18  1:31  Probe  
  18  1:32  Cybernetics Core  
  19  1:34  Gateway  
  19  1:43  Probe  
  20  1:49  Pylon  
  20  1:55  Probe  
  20  1:59  Stalker  
  21  2:03  Warp Gate  
  23  2:16  Pylon  
  23  2:19  Probe  
  24  2:25  Gateway  
  24  2:35  Robotics Facility  
  24  2:37  Probe  
  25  2:41  Sentry  
  27  2:45  Adept  
  29  2:54  Gateway  
  29  2:58  Pylon  
  29  3:13  Immortal  
  33  3:34  Pylon  
  33  3:52  Stalker x2, Immortal  
  41  4:02  Sentry  
  43  4:03  Shield Battery  
  43  4:19  Stalker x2  
Show
View Real Time Build Order
Export as new Build Order

TryHardLoser Protoss 

Build Orders: 1 Gate Expand 

Get SALT Encoding   

  12  0:00  Probe  
  13  0:12  Probe  
  14  0:19  Pylon  
  14  0:24  Probe  
  15  0:33  Probe  
  15  0:40  Gateway  
  15  0:41  Probe  
  16  0:48  Assimilator  
  17  0:52  Probe  
  18  1:04  Probe  
  19  1:30  Probe  
  19  1:31  Cybernetics Core  
  20  1:43  Nexus  
  20  1:48  Pylon  
  20  1:49  Probe  
  21  1:57  Probe, Assimilator  
  22  2:13  Gateway, Stalker  
  22  2:19  Warp Gate  
  24  2:23  Probe  
  25  2:32  Pylon  
  25  2:33  Probe  
  26  2:41  Probe  
  26  2:43  Sentry  
  29  2:58  Shield Battery  
  29  2:59  Probe  
  29  3:00  Probe  
  31  3:10  Stalker  
  31  3:11  Stalker, Probe  
  32  3:19  Probe  
  37  3:23  Probe  
  38  3:31  Probe  
  39  3:35  Probe, Robotics Facility  
  40  3:43  Probe  
  40  3:47  Gateway  
  42  4:02  Probe  
  42  4:03  Probe  
  43  4:14  Stalker x2  
  41  4:17  Stalker x2  
Tags
 
Matchup
PvP
Replay Pack
SC2Mai2026
Spawn Locations
Cross Positions
Add a new tag
Caveats
  • Supply blocks, unpowered buildings, or Contaminate may cause inaccurate times.
  • Supply counts are checked every 10 seconds.